 Dungeon Crawl Stone Soup version 0.30-a0-365-ge7f957f1db (webtiles) character file.

Game seed: 8239592806995940073

9590 LnG the Covert (level 11, -1/58 (60) HPs)
             Began as a Kobold Summoner on Nov 16, 2022.
             Was a Priest of Dithmenos.
             Killed by divine providence
             ... invoked by an orc priest
              (14 damage)
             ... on level 11 of the Dungeon.
             The game lasted 00:41:16 (13560 turns).

LnG the Covert (Kobold Summoner)                   Turns: 13560, Time: 00:41:18

HP:   -1/58 (60)    AC:  8    Str:  6    XL:     11   Next: 77%
MP:   9/22          EV: 20    Int: 21    God:    Dithmenos [***...]
Gold: 678           SH:  0    Dex: 15    Spells: 12/25 levels left

rFire   + . .      SeeInvis .    N - +4 dagger (flame)
rCold   . . .      Faith    .    (no shield)
rNeg    . . .      Spirit   .    A - +2 robe {Will+}
rPois   +          Reflect  .    d - +0 helmet
rElec   .          Harm     .    w - +0 cloak
rCorr   .          Rampage  .    H - +0 pair of gloves
Will    +....                    o - +0 pair of boots
Stlth   +++++++++.               g - amulet of magic regeneration
HPRegen 0.29/turn                z - ring of poison resistance
MPRegen 0.58/turn                t - ring of protection from fire

@: about to teleport, very slightly contaminated, wreathed by umbra, lightly
drained
A: small, no large weapons, nightstalker 3
a: Renounce Religion, Shadow Step


You were on level 11 of the Dungeon.
You worshipped Dithmenos.
Dithmenos was most pleased with you.
You visited 3 branches of the dungeon, and saw 13 of its levels.

You collected 930 gold pieces.
You spent 252 gold pieces at shops.

Inventory:

Hand Weapons
 a - the +9 hand axe "Noutog" {speed, rElec rF+}
   (You found it on level 4 of the Dungeon)

   Attacks with this weapon are significantly faster.
   rF:        It protects you from fire.
   rElec:     It insulates you from electricity.
 f - a +0 shortbow
 N - a +4 dagger of flaming (weapon)
Missiles
 h - 2 throwing nets
 x - 22 poisoned darts
Armour
 d - a +0 helmet (worn)
 o - a +0 pair of boots (worn)
 w - a +0 cloak (worn)
 A - a +2 robe of willpower (worn)
 H - a +0 pair of gloves (worn)
 K - +0 acid dragon scales
Jewellery
 g - an amulet of magic regeneration (around neck)
 m - a ring of protection from cold
 t - a ring of protection from fire (right hand)
 z - a ring of poison resistance (left hand)
 F - a ring of magical power
 R - a ring of ice
Wands
 I - a wand of charming (11)
 M - a wand of polymorph (7)
 O - a wand of roots (1)
Scrolls
 c - 5 scrolls of butterflies
 e - 2 scrolls of amnesia
 i - 3 scrolls of teleportation
 j - a scroll of brand weapon
 k - a scroll of torment
 s - 2 scrolls of poison
 u - 4 scrolls of immolation
 v - a scroll of enchant armour
 y - 2 scrolls of vulnerability
 J - a scroll of magic mapping
 P - a scroll of silence
Potions
 b - a potion of magic
 l - a potion of curing
 n - a potion of haste
 p - a potion of resistance
 q - a potion of flight {unknown}
 r - 2 potions of brilliance {unknown}
 B - a potion of berserk rage {unknown}
 C - a potion of might {unknown}
 D - 2 potions of degeneration {unknown}
 E - a potion of lignification {unknown}
 G - 2 potions of mutation
 L - 3 potions of cancellation {unknown}
 Q - a potion of heal wounds


   Skills:
 + Level 3.8 Fighting
 + Level 7.1 Short Blades
 + Level 0.3 Axes
 + Level 4.5 Ranged Weapons
 * Level 10.0 Dodging
 * Level 12.7 Stealth
 + Level 7.5 Spellcasting
 + Level 1.4 Hexes
 + Level 8.3 Summonings
 + Level 1.9 Air Magic


You had 12 spell levels left.
You knew the following spells:

 Your Spells              Type           Power      Damage    Failure   Level
a - Summon Small Mammal   Summ           100%       N/A       1%          1
b - Call Imp              Summ           43%        N/A       1%          2
c - Call Canine Familiar  Summ           43%        N/A       1%          3
d - Summon Guardian Gole  Hex/Summ       28%        N/A       3%          3
e - Summon Lightning Spi  Summ/Air       29%        N/A       10%         4

Your spell library contained the following spells:

 Spells                   Type           Power      Damage    Failure   Level
 Apportation              Tloc           14%        N/A       9%          1
 Alistair's Intoxication  Tmut/Pois      4%         N/A       93%         5


Dungeon Overview and Level Annotations

Branches:
Dungeon (11/15)            Temple (1/1) D:6            Lair (0/5) D:9
    Orc (1/2) D:11

Altars:
Ashenzari
Dithmenos
Fedhas
Gozag
Hepliaklqana
Makhleb
Okawaru
Qazlal
Ru
Sif Muna
Uskayaw
Vehumet
Wu Jian
Xom
Yredelemnul
Zin
The Shining One

Shops:
D:8 ?   D:10 (

Annotations:
D:6 3 runed translucent doors
D:8 Erica


Innate Abilities, Weirdness & Mutations

You are small and have problems with some larger weapons.
You are completely attuned to the shadows.


Message History

Send 'em back where they came from!
Your lightning spire shudders.
Your wolf shudders.
The orc warrior completely misses you.
The orc priest looks satisfied for a moment.
Your wolf bites the nameless horror but does no damage.
Your wolf bites the nameless horror but does no damage.
Unknown command.
You hit the orc priest. You burn the orc priest.
The orc priest is heavily wounded.
Your wolf bites the nameless horror.
Send 'em back where they came from!
Your lightning spire disappears in a puff of smoke!
Your wolf shudders.
You closely miss the orc priest.
The orc priest is heavily wounded.
Your wolf bites the nameless horror but does no damage.
The orc warrior hits you from afar with a +0 trident!
The orc priest misses you.
Unknown command.
You barely miss the orc priest.
The orc priest is heavily wounded.
Your wolf bites the nameless horror.
The nameless horror hits you.
You feel your power leaking away. The orc priest barely misses your wolf.
The orc warrior closely misses you.
The orc priest hits you but does no damage.
Your wolf bites the nameless horror.
As you read the scroll of teleportation, it crumbles to dust.
You feel strangely unstable.
Your wolf bites the nameless horror!
Send 'em back where they came from!
Your wolf shudders.
The orc priest looks braver for a moment.
The orc warrior hits you from afar with a +0 trident.
* * * LOW HITPOINT WARNING * * *
The orc priest looks braver for a moment.
The nameless horror attacks as you move away!
The nameless horror barely misses you.
Your wolf bites the nameless horror.
Your wolf bites the nameless horror!
The nameless horror is destroyed!
The orc priest invokes the aid of Beogh against you.
Beogh smites you!
You die...

#............# #....# #.
###............########....#
#.
.....####+#......[.........#
#. .....#
#................#####. .....+
#...................... .....#
#.........########..... ##...#
#.........8#.....###### ...#
#[.......h.#[....
#.######....#@.>oo[[._..
#...........##.o)[#)....
#..........)##...8#.....
#...........###.##############
#...........# #..##...........
#...........# # .............
#..#####....# #.........##
#..+ +....#######.........#
##+#..# #....................#


You could see an orc warrior, 2 orc priests and a friendly wolf (summoned).

Vanquished Creatures
  Fannar (D:10)
  A two-headed ogre (D:10)
  Nergalle (D:10)
  3 trolls
  A vampire (D:11)
  A yak (D:10)
  A wraith (D:9)
  2 wyverns (D:9)
  A shadow (D:10)
  2 water moccasins
  An acid dragon (D:10)
  An ice beast (D:6)
  A black bear (D:9)
  2 orc warriors (D:9)
  3 centaurs
  2 kobold brigands
  4 bullfrogs
  A gnoll sergeant (D:10)
  A scorpion (D:4)
  A necrophage (D:6)
  A wight (D:9)
  3 killer bees
  3 howler monkeys (D:9)
  4 crimson imps (D:9)
  An orc priest (D:6)
  4 hounds
  A jelly (D:6)
  A gnoll bouda (D:5)
  3 iguanas
  5 orc wizards
  6 adders
  8 gnolls
  A dart slug (D:1)
  16 orcs
  7 ball pythons
  3 bats
  7 endoplasms
  7 goblins
  5 hobgoblins
  A jackal (D:4)
  3 quokkas
  6 kobolds
  5 rats
132 creatures vanquished.

Vanquished Creatures (collateral kills)
  Maurice (D:8)
  Sigmund (D:4)
  A wraith (D:11)
  2 wyverns (D:9)
  A nameless horror (D:11)
  2 water moccasins (D:9)
  Edmund (D:4)
  An acid dragon (D:9)
  2 black bears (D:9)
  An orc warrior (D:9)
  An ogre (D:7)
  A wolf (D:9)
  A phantom (D:4)
  A gnoll sergeant (D:5)
  A necrophage (D:5)
  2 scorpions
  2 wights (D:9)
  A killer bee (D:9)
  4 crimson imps (D:9)
  A jelly (D:6)
  A gnoll bouda (D:7)
  2 iguanas (D:5)
  8 orc wizards
  Robin (D:2)
  11 gnolls
  3 adders
  A white imp (D:9)
  A worm (D:2)
  A dart slug (D:1)
  16 orcs
  5 endoplasms
  2 giant cockroaches
  9 goblins
  5 hobgoblins
  3 kobolds
  A ball python (D:1)
  2 bats (D:1)
  2 frilled lizards (D:1)
  A rat (D:3)
103 creatures vanquished.

Vanquished Creatures (others)
  A hornet (D:6)
  A wraith (D:10)
  3 yaks (D:10)
  5 gnolls (D:5)
  A fungus (D:9)
  10 plants (D:9)
21 creatures vanquished.

Grand Total: 256 creatures vanquished

Notes
Turn   | Place    | Note
-------+----------+-------------------------------------------
     0 | D:1      | LnG the Kobold Summoner began the quest for the Orb.
     0 | D:1      | Reached XP level 1. HP: 10/10 MP: 3/3
   194 | D:1      | Found a faded altar of an unknown god.
   202 | D:1      | Reached XP level 2. HP: 15/15 MP: 1/5
   205 | D:1      | Learned a level 2 spell: Call Imp
   888 | D:1      | Reached XP level 3. HP: 19/19 MP: 4/6
   892 | D:1      | Learned a level 3 spell: Call Canine Familiar
   945 | D:1      | Reached skill level 3 in Stealth
  1548 | D:2      | Reached XP level 4. HP: 22/24 MP: 8/8
  1676 | D:2      | Reached skill level 1 in Short Blades
  1999 | D:2      | Noticed Robin
  2016 | D:2      | Killed Robin
  2276 | D:3      | Reached skill level 4 in Stealth
  2357 | D:3      | Reached XP level 5. HP: 28/28 MP: 7/9
  2946 | D:3      | Found a blossoming altar of Fedhas.
  3483 | D:3      | Found a sacrificial altar of Ru.
  3777 | D:4      | Noticed Edmund
  3789 | D:4      | Killed Edmund
  3790 | D:4      | Reached skill level 5 in Stealth
  3790 | D:4      | Reached XP level 6. HP: 28/33 MP: 5/10
  3804 | D:4      | Noticed Sigmund
  3818 | D:4      | Killed Sigmund
  3819 | D:4      | Reached skill level 1 in Fighting
  3819 | D:4      | Reached skill level 6 in Stealth
  3819 | D:4      | Reached skill level 5 in Summonings
  3819 | D:4      | Reached XP level 7. HP: 38/38 MP: 11/11
  3824 | D:4      | Learned a level 3 spell: Summon Guardian Golem
  3877 | D:4      | Identified the +9 hand axe "Noutog" {speed, rElec rF+}
  4165 | D:4      | Reached skill level 7 in Stealth
  4364 | D:4      | Reached XP level 8. HP: 37/43 MP: 13/13
  4369 | D:4      | Learned a level 4 spell: Summon Lightning Spire
  4853 | D:4      | Found an ornate altar of the Wu Jian Council.
  4977 | D:5      | Entered Level 5 of the Dungeon
  5026 | D:5      | HP: 1/40 [necrophage (3)]
  5192 | D:5      | Noticed a +0 dagger
  5192 | D:5      | Noticed a +0 dagger
  5193 | D:5      | Noticed a +0 spear
  5195 | D:5      | Noticed a +0 short sword
  5197 | D:5      | Noticed a +0 short sword
  5199 | D:5      | Noticed a +0 falchion
  5200 | D:5      | Noticed a +0 spear
  5201 | D:5      | Noticed a +0 falchion
  5217 | D:5      | Found a hide-covered altar of Uskayaw.
  5312 | D:5      | Reached skill level 5 in Dodging
  5790 | D:5      | Reached skill level 8 in Stealth
  5891 | D:5      | Reached skill level 1 in Ranged Weapons
  6563 | D:6      | Reached XP level 9. HP: 48/48 MP: 15/15
  6725 | D:6      | Noticed a hornet
  6755 | D:6      | Killed a hornet
  6782 | D:6      | Found a runed translucent gate.
  6793 | D:6      | Found a staircase to the Ecumenical Temple.
  6843 | D:6      | Found a runed translucent gate.
  6855 | Temple   | Entered the Ecumenical Temple
  7006 | Temple   | Became a worshipper of Dithmenos the Shadowed
  7112 | D:6      | Reached skill level 9 in Stealth
  7398 | D:6      | Found a runed translucent gate.
  7489 | D:6      | Found a radiant altar of Vehumet.
  7529 | D:6      | Reached skill level 1 in Hexes
  7887 | D:7      | Reached skill level 5 in Spellcasting
  8266 | D:7      | Reached * piety under Dithmenos
  8275 | D:7      | Reached skill level 5 in Short Blades
  9037 | D:8      | You fall into a shaft and drop 3 floors!
  9063 | D:11     | Reached skill level 10 in Stealth
  9383 | D:11     | Noticed a kobold demonologist
  9586 | D:10     | Entered Level 10 of the Dungeon
  9681 | D:10     | Noticed Nergalle
  9757 | D:10     | Killed Nergalle
  9758 | D:10     | Reached XP level 10. HP: 22/56 MP: 18/18
 10139 | D:8      | Found Koechux's Magic Scroll Emporium.
 10143 | D:8      | Bought a scroll of identify for 22 gold pieces
 10143 | D:8      | Bought a scroll of identify for 22 gold pieces
 10143 | D:8      | Bought a scroll of blinking for 82 gold pieces
 10143 | D:8      | Bought a scroll of identify for 22 gold pieces
 10143 | D:8      | Bought a scroll of silence for 104 gold pieces
 10200 | D:8      | Noticed Maurice
 10273 | D:8      | Killed Maurice
 10436 | D:8      | Noticed Erica
 10579 | D:9      | Reached skill level 11 in Stealth
 10627 | D:9      | Reached skill level 1 in Air Magic
 10736 | D:9      | Found a staircase to the Lair.
 10870 | D:9      | Reached ** piety under Dithmenos
 10932 | D:9      | Reached XP level 11. HP: 32/60 MP: 18/21
 11428 | D:9      | Found an iron altar of Okawaru.
 11500 | D:9      | Reached skill level 12 in Stealth
 12175 | D:10     | Reached *** piety under Dithmenos
 12254 | D:10     | Found a burning altar of Makhleb.
 12386 | D:10     | Noticed a two-headed ogre
 12424 | D:10     | Killed a two-headed ogre
 12559 | D:10     | Found Bojet's Weapon Shoppe.
 12862 | D:10     | Noticed Fannar
 12866 | D:10     | Killed Fannar
 13120 | D:10     | Reached skill level 10 in Dodging
 13362 | D:11     | Found a staircase to the Orcish Mines.
 13393 | Orc:1    | Entered Level 1 of the Orcish Mines
 13560 | D:11     | Killed from afar by an orc priest

Illustrated notes

Levels and vault maps discovered:
D:1:      psy_arrival_radial01, layout_basic, ebering_ecumenical_altar_box
D:2:      layout_basic, grunt_decor_clamped, minmay_misc_feat_room, uniq_robin
D:3:      layout_basic, mainiacjoe_overflow_alcove_2, fedhas_altar_4
D:4:      layout_loops_corners, nicolae_wu_jian_immortal_techniques,
          st_stairs_9, kennysheep_diamond, uniq_edmund, uniq_sigmund
D:5:      layout_basic, nicolae_uskayaw_en_pointe, lightli_minifort
D:6:      layout_basic, mainiacjoe_overflow_chevrons, minmay_temple_entry_trees,
          gammafunk_ghost_icy
D:7:      layout_rooms, kennysheep_generic_room_4
D:8:      layout_loops_corners, serial_shops, nicolae_diamond_shop, uniq_erica,
          uniq_maurice
D:9:      layout_stronghold, okawaru_altar_gauntlet_db, minmay_lair_entry_grove,
          minmay_nine_imps
D:10:     layout_loops_ring, marbit_many_paths, serial_shops,
          nicolae_inconvenience_store, serial_bayou_pond_d, kennysheep_dice,
          uniq_nergalle, uniq_fannar
D:11:     layout_irregular_city, minmay_orc_entry_temple_small
Temple:   regret_index_temple_generic_petals
Orc:1:    layout_caves, serial_shops, nicolae_square_shop, basic_altar,
          nicolae_orc_rockfall, nicolae_orc_pool_cavern, minmay_orc_keep,
          uniq_urug

Skill      XL: |  1  2  3  4  5  6  7  8  9 10 11 |
---------------+----------------------------------+-----
Stealth        | 3 4 5 6 7 8 10 11 12 | 12.7
Short Blades   | 1 2 3 4 5 6 7 |  7.1
Dodging        | 3 4 5 7 8 10 | 10.0
Spellcasting   | 3 4 5 6 7 |  7.5
Fighting       | 1 2 3 |  3.8
Summonings     | 5 6 7 8 |  8.3
Ranged Weapons | 2 4 |  4.5
Hexes          | 1 |  1.4
Air Magic      | 1 |  1.9
Axes           | |  0.3

Action                   |  1- 3 |  4- 6 |  7- 9 | 10-12 || total
-------------------------+-------+-------+-------+-------++-------
Melee: Unarmed           |    27 |       |       |       ||    27
       Punch             |     2 |       |     5 |     5 ||    12
       Short sword       |    48 |     3 |       |       ||    51
       Dagger            |       |   113 |   388 |   299 ||   800
       Hand axe          |       |       |    18 |       ||    18
 Fire: Shortbow          |       |       |    45 |    15 ||    60
 Cast: Summon Small Mamm |    15 |       |     2 |       ||    17
       Call Imp          |     9 |     6 |    12 |     5 ||    32
       Call Canine Famil |       |     7 |    32 |    27 ||    66
       Summon Guardian G |       |       |     7 |     9 ||    16
       Summon Lightning  |       |       |     3 |    18 ||    21
Evoke: Wand              |       |       |     1 |       ||     1
  Use: Scroll            |     1 |     5 |     7 |     9 ||    22
       Potion            |       |       |     3 |     4 ||     7
 Stab: Sleeping          |     9 |    11 |    20 |    17 ||    57
       Distracted        |       |       |     6 |     6 ||    12
Armor: Robe              |    16 |    35 |   102 |    60 ||   213
Dodge: Dodged            |    61 |    71 |   333 |   352 ||   817

Table legend: (Time is in decaauts)
 A = Elapsed time spent in this place.
 B = Non-inter-level travel time spent in this place.
 C = Inter-level travel time spent in this place.
 D = Time resting spent in this place.
 E = Time spent auto-exploring this place.
 F = Levels seen in this place.
 G = Mean time per level.
                   A        B        C        D        E       F      G
               +--------+--------+--------+--------+--------+-----+--------+
         Total |  13403 |  12865 |    538 |   1565 |   8106 |  13 | 1031.0 |
       Dungeon |  13080 |  12570 |    510 |   1421 |   7975 |  11 | 1189.1 |
        Temple |    168 |    140 |     28 |      0 |    131 |   1 |  168.0 |
  Orcish Mines |    154 |    154 |      0 |    144 |      0 |   1 |  154.0 |
               +--------+--------+--------+--------+--------+-----+--------+

Top non-repeatable levels by time:
    D:10: 1545 daAuts
     D:5: 1544 daAuts
     D:9: 1455 daAuts
     D:3: 1395 daAuts
     D:4: 1343 daAuts
     D:8: 1203 daAuts
     D:1: 1203 daAuts
     D:6: 1151 daAuts
     D:2: 1009 daAuts
    D:11: 643 daAuts
     D:7: 584 daAuts
  Temple: 168 daAuts
   Orc:1: 154 daAuts
